 Dungeon Crawl Stone Soup version 0.29-a0-284-gf9362112df (webtiles) character file.

Game seed: 3472786140183076462

707 chopper the Shield-Bearer (level 7, -1/60 HPs)
             Began as a Gnoll Fighter on Mar 29, 2022.
             Killed from afar by a gargoyle (15 damage)
             ... with a stone arrow
             ... on level 6 of the Dungeon.
             The game lasted 00:36:16 (7304 turns).

chopper the Shield-Bearer (Gnoll Fighter)           Turns: 7304, Time: 00:36:20

Health: -1/60      AC: 15    Str: 16    XL:     7   Next: 67%
Magic:  10/10      EV:  7    Int: 13    God:
Gold:   214        SH:  6    Dex: 13    Spells: 11/11 levels left

rFire   . . .      SeeInvis .   p - +4 short sword
rCold   . . .      Faith    .   c - +0 buckler
rNeg    . . .      Spirit   .   i - +0 chain mail
rPois   .          Reflect  .   w - +0 helmet
rElec   .          Harm     .   (no cloak)
rCorr   .          Rampage  .   (no gloves)
Will    .....                   (no boots)
Stlth   ..........              (no amulet)
HPRegen 0.20/turn               h - +4 ring of protection
MPRegen 0.12/turn               f - +6 ring of intelligence

@: no status effects
A: fangs 1, strong nose, distributed training
a: no special abilities


You were on level 6 of the Dungeon.
You visited 1 branch of the dungeon, and saw 6 of its levels.

You collected 214 gold pieces.

Inventory:

Hand Weapons
 a - a +0 war axe
 p - a +4 short sword (weapon)
 z - a +0 dagger of draining
Missiles
 u - 11 poisoned darts (quivered)
 v - 2 javelins
 y - a throwing net
Armour
 c - a +0 buckler (worn)
 i - a +0 chain mail (worn)
 w - a +0 helmet (worn)
Jewellery
 f - a +6 ring of intelligence (right hand)
 h - a +4 ring of protection (left hand)
 B - a ring of wizardry
Wands
 r - a wand of paralysis (4)
 t - a wand of digging (6)
 A - a wand of flame (22)
Scrolls
 j - 2 scrolls of noise
 k - a scroll of brand weapon
 n - a scroll of enchant armour
 o - 2 scrolls of teleportation
 q - a scroll of holy word {unknown}
 s - a scroll of torment {unknown}
 x - 2 scrolls of blinking {unknown}
Potions
 b - a potion of curing
 d - 2 potions of might
 e - a potion of ambrosia
 g - 5 potions of magic
 l - a potion of invisibility
 m - 2 potions of mutation
 C - 2 potions of brilliance {unknown}


   Skills:
 + Level 7.1 Fighting
 + Level 2.6 Short Blades
 + Level 2.6 Long Blades
 + Level 5.3 Axes
 + Level 2.6 Maces & Flails
 + Level 2.6 Polearms
 + Level 2.6 Staves
 + Level 2.6 Slings
 + Level 2.6 Bows
 + Level 2.6 Crossbows
 + Level 2.6 Throwing
 + Level 7.1 Armour
 + Level 2.6 Dodging
 + Level 2.6 Stealth
 + Level 7.1 Shields
 + Level 2.6 Unarmed Combat
 + Level 2.6 Spellcasting
 + Level 2.1 Conjurations
 + Level 2.1 Hexes
 + Level 2.1 Summonings
 + Level 2.1 Necromancy
 + Level 2.1 Translocations
 + Level 2.1 Transmutations
 + Level 2.1 Fire Magic
 + Level 2.1 Ice Magic
 + Level 2.1 Air Magic
 + Level 2.1 Earth Magic
 + Level 2.1 Poison Magic
 + Level 2.9 Invocations
 + Level 2.6 Evocations


You had 11 spell levels left.
You didn't know any spells.
Your spell library was empty.

Dungeon Overview and Level Annotations

Branches:
Dungeon (6/15)
 Temple: D:4-7

Altars:
Yredelemnul


Innate Abilities, Weirdness & Mutations

You have very sharp teeth.
Your uncanny sense of smell can sniff out nearby items.
Your experience applies equally to all skills.


Message History

You barely miss the gargoyle. Your bite misses the gargoyle.
The gargoyle is lightly damaged.
The gargoyle hits you with a +0 morningstar!
You hit the gargoyle.
The gargoyle is lightly damaged.
You hit the gargoyle. Your bite misses the gargoyle.
The gargoyle is moderately damaged.
The gargoyle hurls a stone arrow at you.
The stone arrow hits you!
You barely miss the gargoyle.
The gargoyle is moderately damaged.
The gargoyle barely misses you.
You hit the gargoyle but do no damage.
The gargoyle is moderately damaged.
The gargoyle hits you with a +0 morningstar!
* * * LOW HITPOINT WARNING * * *
You block the gargoyle's attack.
Aiming: Paralyse
Press: ? - help, Shift-Dir - straight line, f - gargoyle
Aim: a gargoyle, wielding a +0 morningstar (moderately damaged, chance to affect: 37%)
The gargoyle resists with some effort.
You block the gargoyle's attack.
Aiming: Paralyse
Press: ? - help, Shift-Dir - straight line, f/p - gargoyle
Aim: a gargoyle, wielding a +0 morningstar (moderately damaged, chance to affect: 37%)
The gargoyle resists with some effort.
The gargoyle hits you with a +0 morningstar.
* * * LOW HITPOINT WARNING * * *
Aiming: Paralyse
Press: ? - help, Shift-Dir - straight line, f/p - gargoyle
Aim: a gargoyle, wielding a +0 morningstar (moderately damaged, chance to affect: 37%)
The gargoyle resists with some effort.
The gargoyle hits you with a +0 morningstar.
* * * LOW HITPOINT WARNING * * *
Aiming: Throw Flame
Press: ? - help, Shift-Dir - straight line, f/p - gargoyle
Aim: a gargoyle, wielding a +0 morningstar (lightly damaged, 86% to hit)
The puff of flame misses the gargoyle.
The gargoyle hurls a stone arrow at you.
The stone arrow hits you!
You die...

#.# #.#
#.# #.#
#.# #..
#.# #..
#.# #..
#9# ###.#
#@# #....
#.# #.#.#
#.# #.#.#
. #.#
#.#<# #.
#.#
#.#.##...
##.#
#.#..#.#
#..#
#.#....#
#.##
#.##.#.#
#.#
#.##.#...


You could see a gargoyle.

Vanquished Creatures
  Grinder (D:3)
  2 ogres
  A scorpion (D:3)
  2 vampire bats (D:5)
  2 hounds
  Robin (D:3)
  2 adders
  3 gnolls (D:4)
  2 worms
  2 dart slugs
  2 orcs
  7 endoplasms
  6 giant cockroaches
  14 goblins
  9 hobgoblins
  4 jackals (D:1)
  5 quokkas
  5 ball pythons
  9 bats
  11 kobolds
  3 rats
93 creatures vanquished.

Notes
Turn   | Place    | Note
-------+----------+-------------------------------------------
     0 | D:1      | chopper the Gnoll Fighter began the quest for the Orb.
     0 | D:1      | Reached XP level 1. HP: 23/23 MP: 1/1
   330 | D:1      | Found a faded altar of an unknown god.
   420 | D:1      | Reached XP level 2. HP: 22/29 MP: 2/2
   745 | D:1      | Reached XP level 3. HP: 33/35 MP: 3/3
  1233 | D:2      | Reached skill level 1 in Invocations
  1423 | D:2      | Reached skill level 1 in Short Blades
  1423 | D:2      | Reached skill level 1 in Long Blades
  1423 | D:2      | Reached skill level 1 in Maces & Flails
  1423 | D:2      | Reached skill level 1 in Polearms
  1423 | D:2      | Reached skill level 1 in Staves
  1423 | D:2      | Reached skill level 1 in Slings
  1423 | D:2      | Reached skill level 1 in Bows
  1423 | D:2      | Reached skill level 1 in Crossbows
  1423 | D:2      | Reached skill level 1 in Throwing
  1423 | D:2      | Reached skill level 1 in Dodging
  1423 | D:2      | Reached skill level 1 in Stealth
  1423 | D:2      | Reached skill level 1 in Unarmed Combat
  1423 | D:2      | Reached skill level 1 in Spellcasting
  1423 | D:2      | Reached skill level 1 in Evocations
  1883 | D:3      | Reached XP level 4. HP: 41/41 MP: 5/5
  2425 | D:3      | Noticed Grinder
  2445 | D:3      | Noticed Robin
  2599 | D:3      | Killed Robin
  2600 | D:3      | Reached skill level 1 in Conjurations
  2600 | D:3      | Reached skill level 1 in Hexes
  2600 | D:3      | Reached skill level 1 in Summonings
  2600 | D:3      | Reached skill level 1 in Necromancy
  2600 | D:3      | Reached skill level 1 in Translocations
  2600 | D:3      | Reached skill level 1 in Transmutations
  2600 | D:3      | Reached skill level 1 in Fire Magic
  2600 | D:3      | Reached skill level 1 in Ice Magic
  2600 | D:3      | Reached skill level 1 in Air Magic
  2600 | D:3      | Reached skill level 1 in Earth Magic
  2600 | D:3      | Reached skill level 1 in Poison Magic
  3560 | D:3      | Killed Grinder
  3561 | D:3      | Reached XP level 5. HP: 47/47 MP: 5/7
  3561 | D:3      | Reached XP level 6. HP: 53/53 MP: 5/8
  4125 | D:4      | Found a sand-covered staircase.
  4476 | D:4      | Reached skill level 5 in Axes
  5193 | D:4      | Reached XP level 7. HP: 45/60 MP: 10/10
  5477 | D:5      | Entered Level 5 of the Dungeon
  6347 | D:5      | Found a basalt altar of Yredelemnul.
  7277 | D:6      | Noticed a gargoyle
  7304 | D:6      | Killed from afar by a gargoyle

Illustrated notes

Levels and vault maps discovered:
D:1:      saegor_arrival_simple_c, layout_basic,
          hellmonk_ecumenical_altar_heavens_door, minmay_vboxes
D:2:      layout_loops_ring
D:3:      layout_loops_ring, serial_co_window_serial,
          co_window_of_opportunity_a, co_window_paths_b, co_window_paths_a,
          co_window_corner_a, co_window_of_opportunity_a, co_window_2corner,
          co_window_unsneaky_path_c, co_window_corner_cb, co_window_4corner_a,
          co_window_paths_d, glass_columns_b, glass_columns_a, glass_columns_b,
          glass_columns_b, uniq_grinder, uniq_robin
D:4:      layout_loops_corners, chequers_ossuary_entry_cave, fountainhead
D:5:      layout_layer_cave, mainiacjoe_overflow_brackets,
          minmay_misc_feat_tower, roderic_batcave
D:6:      layout_loops_ring

Skill      XL: |  1  2  3  4  5  6  7 |
---------------+----------------------+-----
Invocations    | 1 2 |  2.9
Short Blades   | 1 2 |  2.6
Long Blades    | 1 2 |  2.6
Maces & Flails | 1 2 |  2.6
Polearms       | 1 2 |  2.6
Staves         | 1 2 |  2.6
Slings         | 1 2 |  2.6
Bows           | 1 2 |  2.6
Crossbows      | 1 2 |  2.6
Throwing       | 1 2 |  2.6
Dodging        | 1 2 |  2.6
Stealth        | 1 2 |  2.6
Unarmed Combat | 1 2 |  2.6
Spellcasting   | 1 2 |  2.6
Evocations     | 1 2 |  2.6
Conjurations   | 1 2 |  2.1
Hexes          | 1 2 |  2.1
Summonings     | 1 2 |  2.1
Necromancy     | 1 2 |  2.1
Translocations | 1 2 |  2.1
Transmutations | 1 2 |  2.1
Fire Magic     | 1 2 |  2.1
Ice Magic      | 1 2 |  2.1
Air Magic      | 1 2 |  2.1
Earth Magic    | 1 2 |  2.1
Poison Magic   | 1 2 |  2.1
Axes           | 5 |  5.3
Fighting       | 7 |  7.1
Armour         | 7 |  7.1
Shields        | 7 |  7.1

Action                   |  1- 3 |  4- 6 |  7- 9 || total
-------------------------+-------+-------+-------++-------
Melee: War axe           |    62 |       |       ||    62
       Bite              |     7 |    23 |     4 ||    34
       Short sword       |    28 |   148 |    56 ||   232
Throw: Dart              |       |     1 |     9 ||    10
Evoke: Wand              |       |     1 |     5 ||     6
  Use: Scroll            |       |     7 |     1 ||     8
 Stab: Paralysed         |       |     6 |       ||     6
Armor: Scale mail        |    49 |    43 |       ||    92
       Chain mail        |       |    30 |    51 ||    81
Dodge: Dodged            |    32 |    57 |    32 ||   121
Block: Buckler           |    22 |    33 |    25 ||    80

Table legend: (Time is in decaauts)
 A = Elapsed time spent in this place.
 B = Non-inter-level travel time spent in this place.
 C = Inter-level travel time spent in this place.
 D = Time resting spent in this place.
 E = Time spent auto-exploring this place.
 F = Levels seen in this place.
 G = Mean time per level.
                   A        B        C        D        E       F      G
               +--------+--------+--------+--------+--------+-----+--------+
         Total |   7333 |   7333 |      0 |   1347 |      0 |   6 | 1222.2 |
       Dungeon |   7333 |   7333 |      0 |   1347 |      0 |   6 | 1222.2 |
               +--------+--------+--------+--------+--------+-----+--------+

Top non-repeatable levels by time:
     D:3: 1773 daAuts
     D:5: 1738 daAuts
     D:2: 1416 daAuts
     D:4: 1346 daAuts
     D:1: 970 daAuts
     D:6: 87 daAuts
